 Dungeon Crawl Stone Soup version 0.31-a0-152-g6aa68a64a1 (webtiles) character file.

Game seed: 9220539585912323017

139671 Pooter the Severer (level 16, -10/223 HPs)
             Began as a Minotaur Berserker on June 9, 2023.
             Was a High Priest of Trog.
             Mangled by a deep elf knight
             ... wielding a +2 long sword of draining
              (11 damage)
             ... on level 1 of the Elven Halls on June 10, 2023.
             The game lasted 02:50:21 (46319 turns).

Pooter the Severer (Minotaur Berserker)            Turns: 46319, Time: 02:50:21

Health: -10/223    AC: 26    Str: 31    XL:     16   Next: 74%
Magic:  15/15      EV: 15    Int:  4    God:    Trog [*****.]
Gold:   1532       SH:  5    Dex: 15    Spells: 15/15 levels left

rFire   + . .        a - +5 battleaxe of Disintegration {heavy, rN+}
rCold   . . .        (shield currently unavailable)
rNeg    + . .        L - +5 plate armour {rF+}
rPois   .            x - +1 hat
rElec   .            z - scarf {repulsion}
rCorr   .            U - +3 pair of gloves of Levity {Rampage Stlth+}
SInv    +            (no boots)
Will    +....        r - amulet of reflection Stlth
                     M - +6 ring of strength
HPRegen 0.57/turn    S - ring of see invisible
MPRegen 0.14/turn

%: repel missiles, reflection, rampage
@: berserking, studying Polearms, very quick
A: horns 2, retaliatory headbutt
a: Renounce Religion, Berserk, Trog's Hand, Brothers in Arms


You were on level 1 of the Elven Halls.
You worshipped Trog.
Trog was extremely pleased with you.
You visited 4 branches of the dungeon, and saw 24 of its levels.
You also visited: Ice Cave.

You collected 2851 gold pieces.
You spent 1319 gold pieces at shops.

Inventory:

Hand Weapons
 a - the +5 battleaxe of Disintegration (weapon) {heavy, rN+}
   (You took it off a deep elf demonologist on level 1 of the Elven Halls)

   rN:        It protects you from negative energy.
 b - a +4 arbalest of draining
   (You found it on level 7 of the Dungeon)
 J - a +2 halberd of flaming
   (You took it off a gnoll on level 4 of the Dungeon)
 O - a +2 battleaxe of electrocution
   (You took it off an orc warrior on level 11 of the Dungeon)
Missiles
 i - 2 boomerangs of dispersal {!f}
 w - 20 boomerangs (quivered)
 H - 5 atropa-tipped darts
 R - 11 javelins
 W - 8 curare-tipped darts
Armour
 x - a +1 hat (worn)
   (You found it on level 4 of the Dungeon)
 z - a scarf of repulsion (worn)
   (You found it on level 5 of the Lair of Beasts)
 B - +0 ice dragon scales
   (You found it in an ice cave)
 L - a +5 plate armour of fire resistance (worn)
   (You took it off an orc warrior on level 8 of the Dungeon)
 U - the +3 pair of gloves of Levity (worn) {Rampage Stlth+}
   (You bought it in a shop on level 9 of the Dungeon)

   Rampage:   It bestows one free step when moving towards enemies.
   Stlth:     It makes you more stealthy.
Jewellery
 r - an amulet of reflection (around neck)
   (You found it on level 5 of the Lair of Beasts)
 v - a ring of flight
   (You found it on level 4 of the Dungeon)
 C - a ring of resist corrosion
   (You found it on level 1 of the Lair of Beasts)
 G - an amulet of guardian spirit
   (You found it on level 5 of the Dungeon)
 M - a +6 ring of strength (left hand)
   (You bought it in a shop on level 7 of the Dungeon)
 N - a ring of positive energy
   (You found it on level 5 of the Lair of Beasts)
 P - a ring of poison resistance
   (You took it off a deep elf pyromancer on level 1 of the Elven Halls)
 S - a ring of see invisible (right hand)
   (You found it on level 9 of the Dungeon)
 T - a +6 ring of dexterity
   (You found it on level 11 of the Dungeon)
Wands
 d - a wand of mindburst (6)
   (You took it off a centaur on level 14 of the Dungeon)
 f - a wand of flame (18)
   (You found it on level 10 of the Dungeon)
 m - a wand of charming (46)
   (You found it on level 2 of the Dungeon)
 s - a wand of quicksilver (8)
   (You found it on level 2 of the Lair of Beasts)
 D - a wand of digging (10)
   (You found it on level 5 of the Lair of Beasts)
 I - a wand of roots (9)
   (You found it on level 6 of the Dungeon)
Scrolls
 e - 4 scrolls of fog
 g - 2 scrolls of immolation {!r}
 k - 5 scrolls of magic mapping
 l - 2 scrolls of fear
 t - 8 scrolls of teleportation {@r4}
 y - 3 scrolls of butterflies
 K - 4 scrolls of poison {!r}
 X - a scroll of brand weapon
 Z - 4 scrolls of blinking
Potions
 c - 3 potions of enlightenment
 h - 2 potions of heal wounds {@q2}
 j - 2 potions of invisibility
 n - 3 potions of cancellation
 o - 3 potions of attraction {!q}
 p - a potion of resistance
 q - 2 potions of might
 A - 7 potions of lignification {!q}
 E - 7 potions of haste {@q3}
 Q - 3 potions of mutation {!q}
 V - 8 potions of curing {@q1}
Miscellaneous
 u - a box of beasts
   (You found it on level 3 of the Lair of Beasts)
 F - a tin of tremorstones (2/2)
   (You found it on level 4 of the Lair of Beasts)
 Y - a piece from Xom's chessboard (15/15)
   (You found it on level 1 of the Lair of Beasts)


   Skills:
 + Level 15.0 Fighting
 * Level 17.2(17.6) Axes
 - Level 6.8(13.0) Polearms
 - Level 17.1 Ranged Weapons
 + Level 5.7 Throwing
 + Level 13.1 Armour
 - Level 14.5 Dodging
 + Level 5.5 Stealth
 + Level 7.3 Evocations


You had 15 spell levels left.
You didn't know any spells.
Your spell library was empty.

Dungeon Overview and Level Annotations

Branches:
Dungeon (15/15)            Temple (0/1) D:5            Lair (5/5) D:11
 Shoals (0/4) Lair:2        Snake (0/4) Lair:2        Slime (0/5) Lair:4
    Orc (2/2) D:11            Elf (2/3) Orc:2        Vaults (0/5) D:14
 Depths (0/4) D:15          IceCv (visited)

Altars:
Cheibriados
Elyvilon
Fedhas
Kikubaaqudgha
Nemelex Xobeh
Qazlal
Sif Muna
Trog
Uskayaw
Vehumet
Wu Jian
Xom
Yredelemnul
Zin
Lugonu

Shops:
D:4 (   D:6 ?   D:7 *   D:9 [[*   Orc:1 [   Orc:2 (*[:   Elf:1 =

Portals:
Abyss: Lair:1 Lair:5
Trove: D:13 (give 2 scrolls of acquirement)


Innate Abilities, Weirdness & Mutations

You have a pair of horns on your head.
You reflexively headbutt those who attack you in melee.


Message History

The air elemental fires a burst of electricity at you.
The stunning burst hits you but does no damage.
The stunning burst hits the water elemental.
The water elemental resists.
The +1 heavy halberd hits you from afar!!
* * * LOW HITPOINT WARNING * * *
You can move again.
* * * LOW HITPOINT WARNING * * *
Your lungs strain for air!
The air elemental closely misses you.
The air elemental fires a burst of electricity at you.
The stunning burst hits you but does no damage.
You shrug off the repeated paralysis!
The stunning burst hits the water elemental.
The water elemental resists.
You block the water elemental's attack.
The deep elf knight gestures at you while chanting.
The shard of ice hits you!!
* * * LOW HITPOINT WARNING * * *
The +1 heavy halberd hits you from afar!!
* * * LOW HITPOINT WARNING * * *
You climb upwards.
The water engulfing you falls away.
You gasp with relief as air once again reaches your lungs.
There is a stone staircase leading down here.
A red film seems to cover your vision as you go berserk!
You feel yourself moving faster!
You feel mighty! The air elemental misses you.
The air elemental fires a burst of electricity at you.
The stunning burst misses you. You block the deep elf knight's attack.
The water elemental misses you. The air elemental closely misses you.
You slash the golden eye!
You kill the golden eye!
Trog accepts your kill.
You slash the air elemental! You barely miss the water elemental.
You miss the deep elf knight. The air elemental misses you.
The air elemental closely misses you. The water elemental hits you!
* * * LOW HITPOINT WARNING * * *
The water elemental engulfs you in water!
The deep elf knight closely misses you. You furiously retaliate!
You headbutt the deep elf knight! You slash the deep elf knight!
Your headbutt misses the deep elf knight.
You slice the air elemental!! You slice the water elemental!!
You destroy the water elemental!
Trog accepts your kill. The water engulfing you falls away.
You gasp with relief as air once again reaches your lungs.
The air elemental hits you.
* * * LOW HITPOINT WARNING * * *
You block the air elemental's attack.
The deep elf knight hits you with a +2 long sword of draining!
You die...

.## ####...##'##..)).## ###
######.......######)## #.#
##.............# #)# ##.##
##.#...........# #.# #...#
)...############ #.# ##...##
#.#.######.[## ###'### #.....#
#.#....##....## #..)..# ##.....#
.......'......###E....## #.......
#......'......##@).....# #.......
##..^..##....###)e.....# ####'###
.##.....##..## #.......# #.#
..'......#######).....)## #.#
..'...)))))).)..).....#.## #.#
.##....#.#)#)#.#)∩######.####'###
######.#.#.#.#)##)# ##'#.....# #
#.........##.# ##.......
#..########..# #........


You could see a deep elf knight and an air elemental.

Vanquished Creatures
  Rupert (D:13)
  An acid blob (Lair:4)
  A shadow dragon (Elf:1)
  A fire giant (D:15)
  An iron dragon (Elf:1)
  2 deep elf sorcerers (Elf:1)
  A reaper (IceCv)
  An orc warlord (Orc:2)
  An ironbound preserver (D:14)
  3 deep elf demonologists (Elf:1)
  A deep elf death mage (Elf:1)
  An ettin (Orc:2)
  2 fire dragons (Elf:1)
  2 deep elf high priests (Elf:1)
  A great orb of eyes (Lair:1)
  An entropy weaver (shapeshifter) (D:14)
  A catoblepas (D:14)
  3 boulder beetles
  4 hydras
  6 centaur warriors
  An ogre mage (D:14)
  5 dancing weapons (Elf:1)
  6 two-headed ogres
  2 hell hogs (Lair:1)
  Urug (D:13)
  11 death yaks
  2 orc high priests (Orc:2)
  The ghost of Onniptox the Destroyer, a novice DrCj of Vehumet (Lair:1)
  5 thrashing horrors
  A fire crab (shapeshifter) (Lair:5)
  Nergalle (Orc:2)
  8 deep elf knights (Elf:1)
  A skyshark (Lair:4)
  A fire crab (Lair:5)
  A swamp dragon (Lair:1)
  10 deep elf archers (Elf:1)
  A wizard (D:14)
  4 harpies (Lair:2)
  13 deep elf pyromancers
  6 orc knights
  12 ugly things
  4 orc sorcerers
  12 deep elf zephyrmancers (Elf:1)
  2 cyclopes
  14 elephants
  2 manticores (D:12)
  2 ice statues (IceCv)
  8 black mambas
  5 smoke demons (Lair:5)
  12 cane toads
  4 rime drakes
  2 efreet
  2 gargoyles
  2 unseen horrors
  A kobold demonologist (D:12)
  An anaconda simulacrum (IceCv)
  A tengu conjurer (D:14)
  7 ice devils
  10 komodo dragons
  3 ancient zymes (Lair:5)
  A freezing wraith (IceCv)
  A red devil (Lair:1)
  3 polar bears
  2 hornets
  A wolf spider simulacrum (D:15)
  7 trolls
  3 meliai (D:15)
  32 blink frogs
  2 slime creatures (Lair:4)
  2 shadows
  4 water elementals
  2 wraiths
  3 spriggans
  A spriggan (shapeshifter) (D:14)
  7 wyverns
  Eustachio (D:5)
  A basilisk (shapeshifter) (D:14)
  60 yaks
  A golden eye (shapeshifter) (Elf:1)
  A chaos spawn (Lair:5)
  2 fire elementals
  11 basilisks
  A steam dragon (D:6)
  Menkaure (D:5)
  The ghost of superbruh the Sneak, an amateur OpBr (D:4)
  A harpy simulacrum (IceCv)
  3 nagas (Lair:2)
  6 vampire mosquitoes
  An acid dragon (D:14)
  4 wargs
  9 water moccasins
  A hydra simulacrum (IceCv)
  35 orc warriors
  A swamp drake (Lair:1)
  2 sky beasts (D:7)
  6 ogres
  A black bear (D:7)
  35 wolves
  2 boggarts
  9 centaurs
  2 phantoms
  3 kobold brigands
  3 two-headed ogre simulacra (IceCv)
  13 bullfrogs
  12 small abominations (Lair:5)
  2 cane toad simulacra (IceCv)
  4 scorpions
  An earth elemental (Elf:1)
  3 wights (D:6)
  5 killer bees (D:5)
  An electric eel (D:11)
  10 howler monkeys
  A jelly (D:7)
  6 hounds
  27 orc priests
  10 iguanas
  2 sleepcaps (D:5)
  7 hell rats (Lair:3)
  28 orc wizards
  2 polar bear simulacra (IceCv)
  3 troll simulacra (IceCv)
  3 spriggan simulacra (IceCv)
  A wolf simulacrum (IceCv)
  9 gnolls
  A naga simulacrum (IceCv)
  4 adders
  2 shadow imps
  4 white imps
  3 ufetubi
  A dart slug (D:5)
  74 orcs
  8 bats
  5 endoplasms
  5 giant cockroaches
  5 goblins
  7 hobgoblins
  12 jackals (D:1)
  22 kobolds
  4 quokkas
  8 ball pythons
  4 frilled lizards
  4 rats
  A butterfly (Lair:2)
821 creatures vanquished.

Vanquished Creatures (others)
  A deep elf knight (Elf:1)
  A howler monkey (D:9)
  A jelly (D:5)
  An ufetubus (D:6)
4 creatures vanquished.

Grand Total: 825 creatures vanquished

Notes
Turn   | Place    | Note
-------+----------+-------------------------------------------
     0 | D:1      | Pooter the Minotaur Berserker began the quest for the Orb.
     0 | D:1      | Reached XP level 1. HP: 19/19 MP: 0/0
   130 | D:1      | Reached skill level 1 in Stealth
   130 | D:1      | Reached XP level 2. HP: 27/27 MP: 1/1
   148 | D:1      | Reached XP level 3. HP: 29/33 MP: 2/2
   281 | D:1      | Reached ** piety under Trog
  1303 | D:3      | Reached skill level 1 in Ranged Weapons
  1361 | D:3      | Reached XP level 4. HP: 34/40 MP: 3/3
  1709 | D:3      | Found a hide-covered altar of Uskayaw.
  1740 | D:3      | Found a shimmering blue altar of Sif Muna.
  1742 | D:3      | Found a sparkling altar of Nemelex Xobeh.
  2181 | D:4      | Reached skill level 5 in Axes
  2287 | D:4      | Reached XP level 5. HP: 47/47 MP: 4/4
  2349 | D:4      | Found Horphu Ceoco's Weapon Emporium.
  2362 | D:4      | Reached *** piety under Trog
  2433 | D:4      | Found a runed translucent gate.
  2433 | D:4      | Found a runed translucent gate.
  2433 | D:4      | Found a runed translucent gate.
  2433 | D:4      | Noticed superbruh's ghost (amateur OpBr)
  2679 | D:4      | Reached XP level 6. HP: 55/55 MP: 5/5
  2745 | D:4      | Found a stormy altar of Qazlal.
  2809 | D:4      | Reached skill level 1 in Polearms
  2836 | D:4      | Reached skill level 5 in Fighting
  3023 | D:4      | Killed superbruh's ghost
  3098 | D:5      | Entered Level 5 of the Dungeon
  3107 | D:5      | Reached XP level 7. HP: 61/61 MP: 6/6
  3124 | D:5      | Noticed a shadow
  3134 | D:5      | Killed a shadow
  3292 | D:5      | Noticed Menkaure
  3364 | D:5      | Found an ornate altar of the Wu Jian Council.
  3394 | D:5      | Found a staircase to the Ecumenical Temple.
  3474 | D:5      | Reached skill level 5 in Ranged Weapons
  3619 | D:5      | Reached skill level 5 in Polearms
  3669 | D:5      | Reached XP level 8. HP: 70/70 MP: 7/7
  3796 | D:5      | Killed Menkaure
  4331 | D:5      | Noticed Eustachio
  4344 | D:5      | Killed Eustachio
  4812 | D:5      | Found an ancient bone altar of Kikubaaqudgha.
  4910 | D:5      | Reached XP level 9. HP: 79/79 MP: 8/8
  5495 | D:6      | Found Zeamp's Magic Scroll Shop.
  5501 | D:6      | Bought a scroll of identify for 22 gold pieces
  5501 | D:6      | Bought a scroll of brand weapon for 104 gold pieces
  5501 | D:6      | Bought a scroll of identify for 22 gold pieces
  5501 | D:6      | Bought a scroll of identify for 22 gold pieces
  5501 | D:6      | Bought a scroll of enchant armour for 82 gold pieces
  5501 | D:6      | Bought a scroll of magic mapping for 82 gold pieces
  6006 | D:7      | Found Ciratsao's Assorted Antiques.
  6011 | D:7      | Bought a scroll labelled FIOGAQ MIGA for 32 gold pieces
  6514 | D:7      | Found a radiant altar of Vehumet.
  6515 | D:7      | Found a glowing silver altar of Zin.
  6515 | D:7      | Found a bloodstained altar of Trog.
  6517 | D:7      | Found a shimmering altar of Xom.
  7390 | D:8      | Reached XP level 10. HP: 82/90 MP: 7/9
  7486 | D:8      | Reached skill level 10 in Ranged Weapons
  7539 | D:8      | Found a blossoming altar of Fedhas.
  7560 | D:8      | Found a basalt altar of Yredelemnul.
  7884 | D:9      | Found Xecoar's Antique Armour Boutique.
  8251 | D:9      | Noticed a two-headed ogre
  8257 | D:9      | Killed a two-headed ogre
  8258 | D:9      | Reached skill level 10 in Axes
  8555 | D:9      | Found a snail-covered altar of Cheibriados.
  8626 | D:9      | Found Taddo's General Store.
  8833 | D:7      | Bought a steel ring for 160 gold pieces
  8922 | D:9      | Paralysed by a hornet for 3 turns
  9064 | D:9      | Noticed a two-headed ogre
  9070 | D:9      | Killed a two-headed ogre
  9071 | D:9      | Reached skill level 5 in Armour
  9071 | D:9      | Reached skill level 5 in Dodging
  9172 | D:9      | Found Memmop's Antique Armour Shoppe.
  9264 | D:9      | You fall into a shaft and drop 2 floors!
  9318 | D:10     | Entered Level 10 of the Dungeon
  9517 | D:11     | Reached XP level 11. HP: 97/97 MP: 10/10
 10421 | D:11     | Found a staircase to the Lair.
 10593 | D:11     | Reached skill level 10 in Fighting
 12253 | D:11     | Found a staircase to the Orcish Mines.
 12347 | D:11     | Noticed a cyan ugly thing
 12357 | D:11     | Killed a cyan ugly thing
 12576 | D:9      | Bought a runed cloak for 210 gold pieces
 12891 | Lair:1   | Entered Level 1 of the Lair of Beasts
 12894 | Lair:1   | Noticed a swamp dragon
 12903 | Lair:1   | Killed a swamp dragon
 13034 | Lair:1   | Noticed a thrashing horror
 13078 | Lair:1   | Reached XP level 12. HP: 107/107 MP: 11/11
 13182 | Lair:1   | You fall into a shaft and drop 1 floor!
 13182 | Lair:2   | Found a staircase to the Shoals.
 13691 | Lair:1   | Found a transporter.
 13692 | Lair:1   | Noticed a hell hog
 13695 | Lair:1   | Found a transporter.
 13698 | Lair:1   | Noticed a great orb of eyes
 13887 | Lair:1   | Noticed a hell hog
 13906 | Lair:1   | Found a one-way gate to the infinite horrors of the Abyss.
 14103 | Lair:1   | Noticed Onniptox's ghost (novice DrCj)
 14656 | Lair:2   | Reached **** piety under Trog
 15322 | Lair:2   | Found a staircase to the Snake Pit.
 15338 | Lair:2   | Noticed a death yak
 16035 | Lair:2   | Identified the +0 leather armour of Gehenna {rElec}
 16115 | Lair:2   | Noticed a death yak
 16116 | Lair:2   | Noticed a death yak
 16161 | Lair:2   | Killed a death yak
 16214 | Lair:2   | Killed a death yak
 16215 | Lair:2   | Reached skill level 10 in Dodging
 16467 | Lair:2   | Killed a death yak
 17121 | Lair:3   | Noticed an eight-headed hydra
 17128 | Lair:3   | Killed an eight-headed hydra
 17129 | Lair:3   | Reached XP level 13. HP: 95/116 MP: 10/12
 17389 | Lair:3   | Reached skill level 1 in Evocations
 17518 | Lair:3   | Found a frozen archway.
 17551 | IceCv    | Entered an ice cave
 18519 | IceCv    | Noticed a reaper
 18535 | IceCv    | Killed a reaper
 18657 | IceCv    | Found the +8 autumn katana {manifold assault}
 19825 | Lair:4   | Upgraded the game from 0.31-a0-150-g89dc3ad700 to
                  | 0.31-a0-152-g6aa68a64a1
 20220 | Lair:4   | Reached skill level 15 in Axes
 20448 | D:9      | Bought a pair of bloodstained gloves for 266 gold pieces
 20448 | D:9      | Identified the +3 pair of gloves of Levity {Rampage Stlth+}
                  | (You bought it in a shop on level 9 of the Dungeon)
 20960 | Lair:4   | Found a runed translucent door.
 20960 | Lair:4   | Noticed an acid blob
 20961 | Lair:4   | Found a staircase to the Slime Pits.
 21269 | Lair:5   | Entered Level 5 of the Lair of Beasts
 22682 | Lair:5   | Reached skill level 10 in Armour
 22682 | Lair:5   | Reached XP level 14. HP: 125/127 MP: 13/13
 22934 | Lair:5   | Reached skill level 15 in Ranged Weapons
 31741 | Lair:5   | Found a corrupted altar of Lugonu.
 32017 | Orc:1    | Entered Level 1 of the Orcish Mines
 32437 | Orc:2    | Entered Level 2 of the Orcish Mines
 32870 | Orc:1    | Found Xampo's Armour Shop.
 34748 | Orc:2    | Reached XP level 15. HP: 136/136 MP: 14/14
 35226 | Orc:2    | Found a staircase to the Elven Halls.
 35577 | Orc:2    | Noticed Nergalle
 35712 | Orc:2    | Killed Nergalle
 36320 | Orc:2    | Reached ***** piety under Trog
 39046 | Orc:2    | Found Walaon's Antique Weapon Emporium.
 39175 | Orc:2    | Found Muruucot's General Store.
 39181 | Orc:2    | Bought a potion of curing for 45 gold pieces
 39190 | Orc:2    | Found Nemnir's Book Emporium.
 39226 | Orc:2    | Found Zutsynk's Antique Armour Emporium.
 39232 | Orc:2    | Bought a glowing scarf for 272 gold pieces
 39745 | D:12     | Reached skill level 5 in Evocations
 40281 | D:12     | Found a sparkling altar of Nemelex Xobeh.
 40339 | D:13     | Reached skill level 1 in Throwing
 40938 | D:13     | Noticed Urug
 40946 | D:13     | Your ally Urug died
 41097 | D:13     | Noticed Rupert
 41108 | D:13     | Killed Rupert
 41223 | D:13     | Found a portal to a secret trove of treasure.
 41823 | D:14     | Found a gate to the Vaults.
 42489 | D:15     | Entered Level 15 of the Dungeon
 42514 | D:15     | Noticed a fire giant
 42547 | D:15     | Found a staircase to the Depths.
 42633 | D:15     | Killed a fire giant
 42810 | D:15     | Found a white marble altar of Elyvilon.
 43810 | Lair:1   | Received a gift from Trog
 43829 | Lair:1   | Killed Onniptox's ghost
 43964 | Lair:4   | Killed an acid blob
 43965 | Lair:4   | Reached XP level 16. HP: 146/146 MP: 15/15
 44269 | Elf:1    | Entered Level 1 of the Elven Halls
 44857 | Elf:1    | Found Elutrech's Jewellery Emporium.
 45080 | Elf:1    | Reached skill level 5 in Throwing
 45106 | Elf:1    | Identified the +5 battleaxe of Disintegration {heavy, rN+}
 45107 | Elf:1    | Reached skill level 5 in Stealth
 45946 | Elf:1    | Found a runed translucent gate.
 45946 | Elf:1    | Found a runed translucent gate.
 45946 | Elf:1    | Found a runed translucent gate.
 45946 | Elf:1    | Found a runed translucent gate.
 45946 | Elf:1    | Found a runed translucent gate.
 45947 | Elf:1    | Found a runed translucent gate.
 45947 | Elf:1    | Noticed a shadow dragon
 45968 | Elf:1    | Reached skill level 15 in Fighting
 46023 | Elf:1    | Killed a shadow dragon
 46312 | Elf:2    | Paralysed by an air elemental for 1 turns
 46314 | Elf:2    | Paralysed by an air elemental for 1 turns
 46318 | Elf:1    | HP: 6/223 [water elemental (10)]
 46319 | Elf:1    | HP: 1/223 [air elemental (6)]
 46319 | Elf:1    | Mangled by a deep elf knight

Illustrated notes

Levels and vault maps discovered:
D:1:      sevenhm_arrival_forest_fort_small_4, layout_loops_ring
D:2:      wander_river, layout_rooms
D:3:      layout_basic, nicolae_overflow_hidden_temple, lemuel_crystal_altar
D:4:      layout_loops_cross, grunt_qazlal_clouds, gammafunk_ghost_split,
          nicolae_stop_n_shop_1, grunt_ministairs_15
D:5:      minmay_bubble_buster, layout_loops_corners, nzn_wu_jian_contemplation,
          mainiacjoe_overflow_alcove_4, minmay_temple_entry_grid,
          minmay_joined_circles, uniq_eustachio, uniq_menkaure
D:6:      layout_rooms, serial_shops, nicolae_shop_tiny_statue_garden
D:7:      layout_basic, chequers_temple_overflow_statue_of_worship,
          serial_shops, nicolae_shop_rolling_square
D:8:      layout_basic, mainiacjoe_overflow_small_starburst,
          lemuel_doored_altar, minmay_fountain_box
D:9:      layout_roguey, nicolae_overflow_crystal_walls, serial_shops, shop,
          nicolae_shop_trees, nicolae_shop_overgrown_old_shop
D:10:     layout_loops_ring
D:11:     layout_irregular_city, minmay_lair_entry_grove, erik_orc_2
D:12:     layout_basic, nemelex_lonely_heart_becter
D:13:     layout_roguey, enter_trove_6, uniq_urug, uniq_rupert
D:14:     layout_roguey, skrybe_vaults_entry_preservation, roderic_malta_cross
D:15:     grunt_enter_depths_giant_problem, layout_gridville, elyvilon_altar_3
Lair:1:   layout_gridlike, gammafunk_ghost_abyssal_escape, pond
Lair:2:   layout_gridlike, nicolae_shoals_entry_roost,
          minmay_snake_entry_guardpost_small, grunt_megastairs_4,
          lemuel_fruit_fields
Lair:3:   layout_layer_cave, portal_ice_cave_entry_animals_and_master
Lair:4:   layout_regular_city, slime_entry_2, lemuel_fruit_fields
Lair:5:   hellmonk_lair_end_abyssal_woods, layout_cave_pods
Orc:1:    layout_caves, serial_shops, shop
Orc:2:    grunt_orc_cross, layout_diamond_mine, minmay_orc_temple_a
Elf:1:    eino_elf_arrival_sip, layout_geoelf_octagon, serial_shops, shop,
          hangedman_elf_represent, grunt_ministairs_10, abandoned_shop,
          orc_legates, lemuel_upstairs_altar
Elf:2:    nicolae_elf_blades_crystal_corner, layout_loops_ring

Skill      XL: |  1  2  3  4  5  6  7  8  9 10 11 12 13 14 15 16 |
---------------+-------------------------------------------------+-----
Axes           | 4 5 6 9 10 12 14 15 16 17 | 17.2
Stealth        | 1 3 5 |  5.5
Fighting       | 4 5 6 7 8 9 10 11 12 13 14 15 | 15.0
Ranged Weapons | 1 2 3 4 5 7 9 10 12 13 14 16 17 | 17.1
Polearms       | 3 5 6 |  6.8
Armour         | 3 5 7 8 10 11 12 13 | 13.1
Dodging        | 5 8 10 11 13 14 | 14.5
Evocations     | 3 4 6 7 |  7.3
Throwing       | 3 5 |  5.7

Action                     |  1- 3 |  4- 6 |  7- 9 | 10-12 | 13-15 | 16-18 || total
---------------------------+-------+-------+-------+-------+-------+-------++-------
  Melee: Hand axe          |    74 |     8 |       |       |       |       ||    82
         Headbutt          |     9 |     5 |    31 |    61 |   152 |    38 ||   296
         Whip              |       |    22 |    14 |       |       |       ||    36
         Punch             |       |     1 |     1 |     3 |     3 |       ||     8
         Halberd           |       |    20 |    50 |     2 |     5 |       ||    77
         War axe           |       |       |   125 |   118 |   185 |   126 ||   554
         Battleaxe         |       |       |       |    94 |   427 |    51 ||   572
   Fire: Sling             |    48 |    48 |     6 |       |       |       ||   102
         Shortbow          |       |       |    12 |       |       |       ||    12
         Orcbow            |       |       |    62 |       |       |       ||    62
         Arbalest          |       |       |    22 |   337 |   537 |    64 ||   960
  Throw: Stone             |     1 |     1 |       |     3 |     1 |       ||     6
         Dart              |       |       |       |       |     6 |       ||     6
         Boomerang         |       |       |       |       |     2 |     1 ||     3
 Invoke: Berserk           |     1 |     2 |    12 |     6 |    10 |     3 ||    34
         Trog's Hand       |       |     1 |    12 |    19 |    27 |    11 ||    70
  Evoke: Wand              |       |       |     6 |    12 |     7 |     1 ||    26
    Use: Scroll            |       |       |    16 |    14 |     9 |     2 ||    41
         Potion            |       |       |       |     1 |     1 |     4 ||     6
   Stab: Sleeping          |     1 |     1 |       |       |       |       ||     2
         Betrayed ally     |       |       |       |       |     1 |       ||     1
 Armour: Animal skin       |    25 |       |       |       |       |       ||    25
         Ring mail         |    15 |    11 |       |       |       |       ||    26
         Plate armour      |       |    20 |   168 |   181 |   363 |   106 ||   838
         Ice dragon scales |       |       |       |       |     7 |       ||     7
  Dodge: Dodged            |    75 |    26 |   110 |   161 |   565 |   149 ||  1086
         Repelled          |       |       |       |       |     5 |     5 ||    10
  Block: Other             |       |       |       |       |    59 |    32 ||    91
         Reflection        |       |       |       |       |    18 |     5 ||    23

Table legend: (Time is in decaauts)
 A = Elapsed time spent in this place.
 B = Non-inter-level travel time spent in this place.
 C = Inter-level travel time spent in this place.
 D = Time resting spent in this place.
 E = Time spent auto-exploring this place.
 F = Levels seen in this place.
 G = Mean time per level.
                   A        B        C        D        E       F      G
               +--------+--------+--------+--------+--------+-----+--------+
         Total |  47146 |  45242 |   1904 |  25096 |  14016 |  25 | 1885.8 |
       Dungeon |  18209 |  17046 |   1163 |   5390 |   8892 |  15 | 1213.9 |
          Lair |  18143 |  17573 |    570 |  11900 |   3675 |   5 | 3628.6 |
  Orcish Mines |   7245 |   7095 |    150 |   5559 |    864 |   2 | 3622.5 |
   Elven Halls |   2139 |   2120 |     19 |   1199 |    494 |   2 | 1069.5 |
      Ice Cave |   1408 |   1408 |      0 |   1046 |     90 |   1 | 1408.0 |
               +--------+--------+--------+--------+--------+-----+--------+

Top non-repeatable levels by time:
  Lair:5: 10579 daAuts
   Orc:2: 6569 daAuts
  Lair:2: 3300 daAuts
    D:11: 3280 daAuts
     D:5: 2133 daAuts
   Elf:1: 2131 daAuts
     D:9: 1533 daAuts
  Lair:3: 1529 daAuts
  Lair:4: 1462 daAuts
   IceCv: 1408 daAuts
     D:8: 1276 daAuts
  Lair:1: 1271 daAuts
    D:14: 1239 daAuts
    D:15: 1191 daAuts
    D:13: 1041 daAuts
